 Dungeon Crawl Stone Soup version 0.21.0 (webtiles) character file.

406 TheDeThijs the Cleaver (level 6, -1/55 HPs)
             Began as a Hill Orc Fighter on Jan 6, 2018.
             Slain by Menkaure (17 damage)
             ... on level 3 of the Dungeon.
             The game lasted 00:10:53 (4024 turns).

TheDeThijs the Cleaver (Hill Orc Fighter)           Turns: 4024, Time: 00:10:54

Health: -1/55      AC:  6    Str: 19    XL:     6   Next: 87%
Magic:  6/6        EV:  7    Int:  8    God:
Gold:   216        SH:  9    Dex: 12    Spells: 5/5 levels left

rFire    . . .     SeeInvis .   a - +0 war axe
rCold    . . .     Gourm    .   c - +0 shield
rNeg     . . .     Faith    .   b - +0 scale mail
rPois    .         Spirit   .   (no helmet)
rElec    .         Reflect  .   (no cloak)
rCorr    .         Harm     .   (no gloves)
MR       .....                  (no boots)
Stlth    ..........             (no amulet)
HPRegen  0.18/turn              (no ring)
MPRegen  0.10/turn              (no ring)

@: no status effects
A: no striking features
a: no special abilities


You were on level 3 of the Dungeon.
You were hungry.

You visited 2 branches of the dungeon, and saw 5 of its levels.

You collected 216 gold pieces.

Inventory:

Hand Weapons
 a - a +0 war axe (weapon)
Armour
 b - a +0 scale mail (worn)
 c - a +0 shield (worn)
 e - a +0 large shield
 i - a +0 plate armour
Jewellery
 g - an uncursed ring of protection from fire {unknown}
 p - an uncursed ring of protection from magic {unknown}
Scrolls
 k - a scroll of fog {unknown}
 m - 2 scrolls of identify {unknown}
 o - a scroll of enchant armour {unknown}
Potions
 d - a potion of might
 h - 4 potions of curing {unknown}
 j - 2 potions of haste {unknown}
 l - 2 potions of invisibility {unknown}
 n - a potion of cancellation {unknown}
Comestibles
 f - 8 rations


   Skills:
 + Level 4.9 Fighting
 * Level 8.0 Axes
 - Level 3.5 Armour
 - Level 0.3 Dodging
 - Level 0.1 Stealth
 - Level 3.7 Shields


You had 5 spell levels left.
You didn't know any spells.

Dungeon Overview and Level Annotations

Branches:
Dungeon (4/15)             Temple (1/1) D:4

Altars:
Ashenzari
Fedhas
Hepliaklqana
Kikubaaqudgha
Makhleb
Nemelex Xobeh
Okawaru
Ru
Sif Muna
Trog
Uskayaw
Vehumet
Yredelemnul
Zin

Annotations:
D:3 Menkaure


Message History

You hit Menkaure but do no damage.
Menkaure is heavily damaged.
Menkaure grins.
You block Menkaure's attack.
Your shield prevents you from hitting Menkaure.
Menkaure is heavily damaged.
Menkaure casts a spell.
Menkaure seems to speed up.
Menkaure calls on the powers of darkness!
Your body is wracked with pain!
* * * LOW HITPOINT WARNING * * *
Menkaure sighs drily.
You block Menkaure's attack.
There is a stone staircase leading up here.
You block Menkaure's attack.
You climb upwards.
You are feeling hungry.
There is a stone staircase leading down here.
Menkaure hits you!
You die...

#.# #......#'###.# #.#
##.####.....#.#### #.#
#.....'<)......... #.#
#..####.....#.#### #.#
#...........#.# #.#
#.#######...#.# #.# #.#
#.#.#.# #.# #.# #.#.#.#
#.# #@#######.#.#.####
#.# #>M...............
#.##############.#.####
#..............#.#.# #
##############.#.#.# #
#.#.#.# # #.#.#.# #
######### #.#.#.# #
#.......######.#.#.####


You could see Menkaure.

Vanquished Creatures
  2 hounds (D:4)
  A centaur skeleton (D:4)
  A worker ant (D:3)
  12 gnolls
  7 adders
  An adder skeleton (D:4)
  5 worms
  3 dart slugs
  2 leopard geckos
  4 orcs (D:3)
  A ball python (D:3)
  11 bats
  4 giant cockroaches
  8 goblins
  10 hobgoblins
  3 jackals (D:3)
  6 kobolds
  5 quokkas
  5 frilled lizards
  A leopard gecko skeleton (D:4)
  9 rats
101 creatures vanquished.

Notes
Turn   | Place    | Note
-------+----------+-------------------------------------------
     0 | D:1      | TheDeThijs the Hill Orc Fighter began the quest for the Orb.
     0 | D:1      | Reached XP level 1. HP: 19/19 MP: 1/1
   164 | D:1      | Reached XP level 2. HP: 27/27 MP: 2/2
   214 | D:1      | Reached skill level 3 in Axes
   779 | D:1      | Reached XP level 3. HP: 24/33 MP: 3/3
  1156 | D:2      | Reached skill level 4 in Axes
  1156 | D:2      | Reached XP level 4. HP: 39/40 MP: 4/4
  1677 | D:2      | Reached skill level 5 in Axes
  1771 | D:2      | Reached XP level 5. HP: 47/47 MP: 5/5
  1891 | D:2      | Found a shattered altar of Ashenzari.
  1891 | D:2      | Found a radiant altar of Vehumet.
  2401 | D:3      | Reached skill level 6 in Axes
  2822 | D:3      | Reached XP level 6. HP: 42/53 MP: 6/6
  3155 | D:3      | Reached skill level 7 in Axes
  3463 | D:3      | Found a burning altar of Makhleb.
  3741 | D:4      | Found a staircase to the Ecumenical Temple.
  3761 | D:4      | Reached skill level 8 in Axes
  3770 | Temple   | Entered the Ecumenical Temple
  3986 | D:4      | Noticed Menkaure
  4024 | D:3      | Slain by Menkaure

Skill      XL: |  1  2  3  4  5  6 |
---------------+-------------------+-----
Axes           | 3 4 5 6 8 |  8.0
Fighting       | 4 |  4.9
Armour         | |  3.5
Dodging        | |  0.3
Stealth        | |  0.1
Shields        | |  3.7

Action                   |  1- 3 |  4- 6 || total
-------------------------+-------+-------++-------
Melee: War axe           |    60 |   272 ||   332
  Eat: Chunk             |     1 |     9 ||    10
Armor: Scale mail        |    25 |    92 ||   117
Dodge: Dodged            |    23 |    73 ||    96
Block: Shield            |    34 |   133 ||   167
